 Dungeon Crawl Stone Soup version 0.18.1-6-gd335043 (webtiles) character file.

162 Gottschkopf the Magician (level 5, 0/28 HPs)
             Began as a Deep Elf Conjurer on May 20, 2016.
             Slain by a big kobold
             ... wielding a +0 whip
              (5 damage)
             ... in a sewer.
             The game lasted 00:03:43 (1438 turns).

Gottschkopf the Magician (Deep Elf Conjurer)        Turns: 1438, Time: 00:03:44

Health: 0/28       AC:  3    Str:  5    XL:     5   Next: 19%
Magic:  5/16       EV: 13    Int: 21    God:
Gold:   100        SH:  0    Dex: 15    Spells: 2 memorised, 15 levels left

rFire  . . .     SeeInvis .     i - +2 dagger (venom)
rCold  . . .     Gourm    .     a - +0 robe
rNeg   . . .     Faith    .     (no shield)
rPois  .         Spirit   .     (no helmet)
rElec  .         Dismiss  .     (no cloak)
rCorr  .         Reflect  .     o - +0 pair of gloves
SustAt .         Harm     +     (no boots)
MR     .....                    g - amulet of harm
Stlth  +.........               (no ring)
                                (no ring)

@: not resistant to hostile enchantments, very unstealthy
A: no striking features
a: no special abilities


You were in a sewer.
You were hungry.

You visited 1 branch of the dungeon, and saw 3 of its levels.
You also visited: Sewer.

You collected 100 gold pieces.

Inventory:

Hand Weapons
 h - a +0 dagger
 i - a +2 dagger of venom (weapon)
Armour
 a - a +0 robe (worn)
 o - a +0 pair of gloves (worn)
Jewellery
 g - an amulet of harm (around neck)
Scrolls
 e - 2 scrolls of identify {unknown}
 f - a scroll of random uselessness {unknown}
 j - a scroll of magic mapping {unknown}
 l - a scroll of remove curse {unknown}
 n - a scroll of amnesia {unknown}
 p - a scroll of enchant armour {unknown}
Potions
 d - 3 potions of curing {unknown}
 k - 3 potions of resistance {unknown}
 m - a potion of might {unknown}
 q - a potion of heal wounds {unknown}
Books
 b - a book of Conjurations

   Spells                             Type                      Level
   a - Magic Dart                     Conjuration                  1
   b - Searing Ray                    Conjuration                  2
   c - Dazzling Spray                 Conjuration/Hexes            3
   d - Fulminant Prism                Conjuration/Hexes            4
   e - Iskenderun's Mystic Blast      Conjuration                  4
   f - Iskenderun's Battlesphere      Conjuration/Charms           5
Comestibles
 c - 2 bread rations
 r - a chunk of flesh


   Skills:
 - Level 2.4 Dodging
 - Level 2.4 Stealth
 + Level 7.3 Spellcasting
 - Level 4.3 Conjurations


You had 15 spell levels left.
You knew the following spells:

 Your Spells              Type           Power        Failure   Level  Hunger
a - Magic Dart            Conj           ####         1%          1    None
b - Searing Ray           Conj           ####..       1%          2    None


Dungeon Overview and Level Annotations

Branches:
Dungeon (3/15)

Altars:

Annotations:
Sewer ZlagarX's ghost, amateur DgEE


Message History

The big kobold closely misses you. The kobold hits you but does no damage.
The big kobold hits you but does no damage.
The kobold hits you with a short sword. The kobold closely misses you.
A ball python and a player ghost come into view.
You are feeling hungry.
ZlagarX's ghost turns its malevolent gaze towards you.
ZlagarX's ghost casts a spell at you. The rocky blast hits you!
* * * LOW HITPOINT WARNING * * *
A kobold comes into view.
ZlagarX's ghost hits you.
* * * LOW HITPOINT WARNING * * *
The big kobold hits you but does no damage.
You enter the shallow water.
Moving in this stuff is going to be slow.
The ball python completely misses you. The ball python closely misses you.
ZlagarX's ghost hits the plant but does no damage.
The big kobold hits you with a whip.
You die...

.∩.# +................P.≈.....
.∩.# +..≈P≈≈.........≈≈≈≈≈...≈
...# #.≈≈≈P≈........P≈≈P≈≈P..P
##'########≈≈############≈#≈#####
≈≈≈≈≈≈≈≈†≈≈≈≈≈≈≈≈≈≈≈≈≈≈≈≈≈≈≈≈≈≈≈≈
≈≈≈≈≈≈≈≈†≈≈≈≈≈≈≈≈≈≈≈≈≈≈≈≈≈≈≈≈≈≈≈≈
≈≈≈≈≈≈≈≈≈≈≈≈≈≈≈≈≈≈≈≈≈≈ ≈≈≈≈≈≈≈≈
################≈≈≈##########≈≈≈≈
....≈≈P@≈P≈≈≈...≈≈≈≈P≈≈≈
....K≈≈SK..≈≈≈..≈≈≈≈≈≈≈≈
......PWK...........P≈≈≈
...............P........
....................P...
#.....................#.
#.........##..........#.
#######.P####...####..## ####
##### ####


You could see a big kobold, ZlagarX's ghost, a ball python and 2 kobolds.

Vanquished Creatures
  A big kobold (Sewer)
  A gnoll (D:2)
  2 adders (D:3)
  3 oozes (Sewer)
  3 giant geckos (D:3)
  3 ball pythons
  4 bats
  2 giant cockroaches (D:3)
  A hobgoblin (D:1)
  3 jackals (D:1)
  A quokka (D:2)
  2 giant newts
  7 goblins
  7 kobolds
  11 rats
51 creatures vanquished.

Notes
Turn   | Place    | Note
--------------------------------------------------------------
     0 | D:1      | Gottschkopf the Deep Elf Conjurer began the quest for the Orb.
     0 | D:1      | Reached XP level 1. HP: 10/10 MP: 6/6
   149 | D:1      | Reached XP level 2. HP: 15/15 MP: 4/8
   171 | D:1      | Reached skill level 4 in Spellcasting
   760 | D:2      | Reached skill level 5 in Spellcasting
   760 | D:2      | Reached XP level 3. HP: 19/19 MP: 6/11
   764 | D:2      | Learned a level 2 spell: Searing Ray
  1114 | D:3      | Reached XP level 4. HP: 16/24 MP: 4/13
  1115 | D:3      | Found a glowing drain.
  1124 | Sewer    | Entered a sewer
  1227 | Sewer    | Reached skill level 6 in Spellcasting
  1392 | Sewer    | Noticed a big kobold
  1396 | Sewer    | Noticed a big kobold
  1402 | Sewer    | Killed a big kobold
  1402 | Sewer    | Reached skill level 7 in Spellcasting
  1402 | Sewer    | Reached XP level 5. HP: 23/28 MP: 5/16
  1432 | Sewer    | Noticed ZlagarX's ghost (amateur DgEE)
  1438 | Sewer    | Slain by a big kobold

Skill      XL: |  1  2  3  4 |
---------------+-------------+-----
Spellcasting   | 5 7 |  7.3
Dodging        | |  2.4
Stealth        | |  2.4
Conjurations   | |  4.3

Action                   |  1- 3 |  4- 6 || total
-------------------------+-------+-------++-------
Melee: Unarmed           |     5 |       ||     5
       Dagger            |     2 |     1 ||     3
 Cast: Magic Dart        |    57 |    32 ||    89
       Searing Ray       |     1 |     2 ||     3
 Stab: Sleeping          |     1 |       ||     1
  Eat: Chunk             |       |     1 ||     1
Armor: Robe              |     2 |     7 ||     9
Dodge: Dodged            |     5 |    20 ||    25
